 Dungeon Crawl Stone Soup version 0.28-a0-948-gee6e0bcda6 (webtiles) character file.

Game seed: 4067983745067410262

158 Conn the Sneak (level 5, -10/32 HPs)
             Began as an Octopode Fire Elementalist on Nov 30, 2021.
             Killed from afar by Ijyb (42 damage)
             ... with a bolt of acid
             ... on level 3 of the Dungeon.
             The game lasted 00:06:56 (3487 turns).

Conn the Sneak (Octopode Fire Elementalist)         Turns: 3487, Time: 00:06:59

Health: -10/32     AC:  1    Str: 14    XL:     5   Next: 39%
Magic:  0/9        EV: 13    Int: 18    God:
Gold:   115        SH:  0    Dex: 12    Spells: 9/10 levels left

rFire   . . .      SeeInvis .   e - +0 dagger (venom)
rCold   . . .      Faith    .   (no shield)
rNeg    . . .      Spirit   +   (helmet restricted)
rPois   .          Reflect  .   h - amulet of guardian spirit
rElec   .          Harm     .   i - +6 ring of strength
rCorr   .          Rampage  .   (no ring)
Will    .....                   (no ring)
Stlth   +++.......              (no ring)
HPRegen 0.10/turn               (no ring)
MPRegen 0.11/turn               (no ring)
                                (no ring)
                                (no ring)

@: very slightly contaminated
A: almost no armour, amphibious, 8 rings, camouflage 1, gelatinous body 1,
(nimble swimmer 1), tentacles
a: no special abilities


You were on level 3 of the Dungeon.
You visited 1 branch of the dungeon, and saw 3 of its levels.

You collected 115 gold pieces.

Inventory:

Hand Weapons
 b - a +0 dagger
 e - a +0 dagger of venom (weapon)
 f - a +2 hunting sling of freezing
Missiles
 c - 16 poisoned darts
Jewellery
 h - an amulet of guardian spirit (around mantle)
 i - a +6 ring of strength (left tentacle)
Scrolls
 d - 3 scrolls of identify {unknown}
Potions
 a - 3 potions of curing
 g - a potion of degeneration {unknown}
 j - a potion of magic {unknown}


   Skills:
 + Level 0.6 Fighting
 + Level 0.1 Short Blades
 + Level 2.2 Dodging
 + Level 4.0 Stealth
 + Level 3.2 Spellcasting
 + Level 2.4 Conjurations
 + Level 3.6 Fire Magic


You had 9 spell levels left.
You knew the following spells:

 Your Spells              Type           Power      Damage    Failure   Level
a - Foxfire               Conj/Fire      52%        2x1d6     4%          1

Your spell library contained the following spells:

 Spells                   Type           Power      Damage    Failure   Level
 Scorch                   Fire           32%        2d6       5%          2
 Conjure Flame            Conj/Fire      13%        6-21      14%         3
 Inner Flame              Hex/Fire       9%         N/A       22%         3
 Flame Wave               Conj/Fire      13%        2d5       41%         4
 Summon Lightning Spire   Summ/Air       2%         N/A       85%         4
 Storm Form               Tmut/Air       1%         N/A       100%        7
 Maxwell's Capacitive Co  Air            1%         ∞         100%        8


Dungeon Overview and Level Annotations

Branches:
Dungeon (3/15)

Altars:

Shops:
D:2 (

Annotations:
D:3 Ijyb


Innate Abilities, Weirdness & Mutations

You cannot wear most types of armour.
You are amphibious.
You can wear up to eight rings at the same time.
Your skin changes colour to match your surroundings (Stealth+).
Your rubbery body absorbs attacks. (AC +1, EV +1)
((You are camouflaged near water. (Stealth+)))
You have tentacles for arms and can constrict up to eight enemies at once.


Message History

Your foxfire dissipates!
Your foxfire dissipates! x2
Ijyb the Twisted Goblin comes into view.
She is wielding a +0 club and carrying a wand of acid (10).
Casting: Foxfire (safe; 4% risk of failure)
Confirm with . or Enter, or press ? or * to list all spells.
You conjure some foxfire!
Unknown command.
Casting: Foxfire (safe; 4% risk of failure)
Confirm with . or Enter, or press ? or * to list all spells.
You conjure some foxfire!
The foxfire hits Ijyb but does no damage.
Unknown command.
Casting: Foxfire (safe; 4% risk of failure)
Confirm with . or Enter, or press ? or * to list all spells.
You conjure some foxfire!
The foxfire hits Ijyb.
Ijyb is lightly wounded.
Unknown command.
Casting: Foxfire (safe; 4% risk of failure)
Confirm with . or Enter, or press ? or * to list all spells.
You conjure some foxfire!
The foxfire hits Ijyb but does no damage.
Ijyb is lightly wounded.
The foxfire hits Ijyb but does no damage.
Ijyb is lightly wounded.
Casting: Foxfire (safe; 4% risk of failure)
Confirm with . or Enter, or press ? or * to list all spells.
You don't have enough magic to cast this spell.
Unknown command.
Casting: Foxfire (safe; 4% risk of failure)
Confirm with . or Enter, or press ? or * to list all spells.
You don't have enough magic to cast this spell.
Unknown command.
The foxfire hits Ijyb but does no damage.
Ijyb is lightly wounded.
The foxfire hits Ijyb but does no damage.
Ijyb is lightly wounded.
Ijyb zaps a wand.
The bolt of acid hits your foxfire!! The bolt of acid hits you!!!
Ouch! That really hurt!
You die...

#.#≈≈≈..#...#..#
#)≈≈#########..#...#
#.≈≈#......)...#...#
#...'...†......#)..#
#...'..........#.g.#
#...'..........#...#
##≈≈#..........#.§.#
#≈§#########..##§§#
##≈≈ #..)@§§# #≈≈
+....§§# ##≈
#......# ########


You could see Ijyb.

Vanquished Creatures
  A centaur skeleton (D:3)
  4 gnolls (D:2)
  4 adders
  2 dart slugs (D:1)
  A worm (D:2)
  An orc (D:3)
  A bat (D:1)
  6 endoplasms
  A giant cockroach (D:1)
  12 goblins
  2 hobgoblins
  2 jackals (D:3)
  5 quokkas
  A frilled lizard (D:2)
  3 kobolds
  2 rats (D:1)
48 creatures vanquished.

Vanquished Creatures (others)
  231 foxfires
231 creatures vanquished.

Grand Total: 279 creatures vanquished

Notes
Turn   | Place    | Note
-------+----------+-------------------------------------------
     0 | D:1      | Conn the Octopode Fire Elementalist began the quest for the
                  | Orb.
     0 | D:1      | Reached XP level 1. HP: 11/11 MP: 3/3
   249 | D:1      | Reached XP level 2. HP: 17/17 MP: 0/5
   707 | D:1      | Reached skill level 3 in Stealth
   980 | D:2      | Reached XP level 3. HP: 16/21 MP: 0/6
  1675 | D:2      | HP: 1/21 [frozen (4)]
  1939 | D:2      | Reached XP level 4. HP: 25/27 MP: 1/8
  2076 | D:2      | Found a faded altar of an unknown god.
  2114 | D:2      | Found Favvyxzur's Weapon Shop.
  2407 | D:3      | Reached skill level 4 in Stealth
  2719 | D:3      | Reached XP level 5. HP: 15/32 MP: 1/9
  3482 | D:3      | Noticed Ijyb
  3487 | D:3      | Killed from afar by Ijyb

Illustrated notes

Levels and vault maps discovered:
D:1:      dpeg_arrival_more_subterranean_lakeside_camping, layout_basic
D:2:      layout_rooms, ebering_ecumenical_altar_hall, serial_shops,
          nicolae_shop_bloodbath_and_beyond
D:3:      kennysheep_goblin_castle, layout_basic, roderic_serpentine_path,
          kennysheep_generic_room_7

Skill      XL: |  1  2  3  4 |
---------------+-------------+-----
Stealth        | 3 4 |  4.0
Conjurations   | 2 |  2.4
Spellcasting   | 3 |  3.2
Fighting       | |  0.6
Short Blades   | |  0.1
Dodging        | |  2.2
Fire Magic     | |  3.6

Action                   |  1- 3 |  4- 6 || total
-------------------------+-------+-------++-------
Melee: Dagger            |    17 |    10 ||    27
       Constrict         |     5 |     1 ||     6
       Tentacles         |     5 |     1 ||     6
 Cast: Foxfire           |    42 |    98 ||   140
  Use: Potion            |     1 |       ||     1
 Stab: Sleeping          |     4 |     3 ||     7
Armor: Skin              |     2 |     2 ||     4
Dodge: Dodged            |    12 |    13 ||    25

Table legend: (Time is in decaauts)
 A = Elapsed time spent in this place.
 B = Non-inter-level travel time spent in this place.
 C = Inter-level travel time spent in this place.
 D = Time resting spent in this place.
 E = Time spent auto-exploring this place.
 F = Levels seen in this place.
 G = Mean time per level.
                   A        B        C        D        E       F      G
               +--------+--------+--------+--------+--------+-----+--------+
         Total |   3487 |   3469 |     18 |    483 |   2229 |   3 | 1162.3 |
       Dungeon |   3487 |   3469 |     18 |    483 |   2229 |   3 | 1162.3 |
               +--------+--------+--------+--------+--------+-----+--------+

Top non-repeatable levels by time:
     D:1: 1587 daAuts
     D:3: 1147 daAuts
     D:2: 752 daAuts
